 Dungeon Crawl Stone Soup version 0.28-a0-863-g8cecda6153 (webtiles) character file.

Game seed: 12990212960177944719

413 Turgor the Magician (level 7, -1/50 HPs)
             Began as a Djinni Fire Elementalist on Nov 19, 2021.
             Slain by an orc (6 damage)
             ... on level 6 of the Dungeon.
             The game lasted 00:13:22 (2438 turns).

Turgor the Magician (Djinni Fire Elementalist)      Turns: 2438, Time: 00:13:23

Health: -1/50      AC:  2    Str:  8    XL:     7   Next: 14%
Gold:   58         EV: 13    Int: 18    God:
                   SH:  0    Dex: 13

rFire   + + .      SeeInvis .   b - staff of poison
rCold   x . .      Faith    .   (no shield)
rNeg    . . .      Spirit   .   a - +0 robe
rPois   ∞          Reflect  .   (no helmet)
rElec   .          Harm     .   (no cloak)
rCorr   .          Rampage  .   (no gloves)
Will    .....                   (boots unavailable)
Stlth   ++........              (no amulet)
HPRegen 0.16/turn               (no ring)
MPRegen 0.00/turn               (no ring)

@: about to teleport, attractive, flying
A: sickness immunity, fire resistance 2, cold vulnerability 1, float, innate
caster, hp casting, extra vitality 1
a: no special abilities


You were on level 6 of the Dungeon.
You visited 1 branch of the dungeon, and saw 4 of its levels.

You collected 58 gold pieces.

Inventory:

Hand Weapons
 k - a +1 broad axe of holy wrath
Missiles
 g - 32 stones
 j - 8 poisoned darts
Armour
 a - a +0 robe (worn)
Magical Staves
 b - a staff of poison (weapon)
Scrolls
 c - a scroll of silence {unknown}
 f - a scroll of teleportation
 h - a scroll of noise {unknown}
 i - a scroll of blinking {unknown}
Potions
 d - 2 potions of flight


   Skills:
 * Level 3.6 Fighting
 + Level 2.5 Armour
 + Level 3.7 Dodging
 - Level 1.5 Stealth
 * Level 3.8 Spellcasting


You couldn't memorise any spells.
You knew the following spells:

 Your Spells              Type           Power      Damage    Failure   Level
a - Foxfire               Conj/Fire      68%        2x1d7     3%          1
b - Scorch                Fire           34%        2d6       4%          2
c - Conjure Flame         Conj/Fire      17%        6-21      9%          3
d - Inner Flame           Hex/Fire       17%        N/A       9%          3
e - Flame Wave            Conj/Fire      17%        3d5       30%         4
f - Pain                  Necr           68%        1d7       3%          1
g - Wereblood             Tmut           17%        N/A       4%          2
h - Stone Arrow           Conj/Erth      34%        3d9       9%          3
Your spell library was empty.

Dungeon Overview and Level Annotations

Branches:
Dungeon (4/15)
 Temple: D:4-7

Altars:


Innate Abilities, Weirdness & Mutations

You are immune to sickness and miasma.
You are immune to poison.
Your flesh is very heat resistant. (rF++)
You are vulnerable to cold. (rC-)
You float through the air rather than walking.
You learn spells naturally, not from books.
Your magical power is your life essence.
You have superior vitality. (+4 HP)


Message History

You feel more buoyant. The orc hits you with a +0 flail.
You aren't carrying any items that you can evoke.
Unknown command.
Okay, then.
Okay, then.
The orc wizard shouts!
It was a potion of attraction.
You feel attractive to monsters. The orc closely misses you.
The orc wizard gestures at you while chanting.
You easily resist.
The orc wizard is attracted toward you.
Casting: Scorch (safe; 4% risk of failure)
Confirm with . or Enter, or press ? or * to list all spells.
Flames lash the orc.
The orc is moderately wounded.
The orc's fire resistance burns away.
The orc hits you with a +0 flail!
* * * LOW HITPOINT WARNING * * *
The orc wizard is attracted toward you.
Casting: Scorch (safe; 4% risk of failure)
Confirm with . or Enter, or press ? or * to list all spells.
Flames lash the adder.
The adder is severely wounded.
The adder's fire resistance burns away.
* * * LOW HITPOINT WARNING * * *
The orc hits you with a +0 flail.
* * * LOW HITPOINT WARNING * * *
The orc wizard hits you with a +0 dagger.
* * * LOW HITPOINT WARNING * * *
Unknown command.
Casting: Scorch (safe; 4% risk of failure)
Confirm with . or Enter, or press ? or * to list all spells.
Okay, then.
Unknown command.
Okay, then.
Unknown command.
As you read the scroll labelled PIBREU ISMOA, it crumbles to dust.
You feel strangely unstable.
It was a scroll of teleportation.
The orc hits you with a +0 flail.
You die...

# #..### #..###
#.....
#############...#)
#...............#.
#.############..##
#S############....
#o#.......?..##...
#@#..........#####
#.o§..../....5....
###....?.....####$
#..........# #.
#..........# #.
#..........# ##
#..........# #
############ #


You could see an orc wizard, an adder (combustible) and an orc (combustible).

Vanquished Creatures
  A centaur (D:4)
  A phantom (D:4)
  A scorpion (D:4)
  A water moccasin skeleton (D:4)
  An orc priest (D:6)
  A bullfrog skeleton (D:6)
  A hound (D:4)
  2 white imps (D:6)
  An ufetubus (D:4)
  A worm (D:4)
  3 orcs
  2 bats (D:1)
  4 endoplasms
  6 goblins
  3 hobgoblins
  3 jackals (D:4)
  3 quokkas
  2 ball pythons
  2 frilled lizards (D:1)
  3 kobolds
  4 rats (D:1)
46 creatures vanquished.

Vanquished Creatures (others)
  117 foxfires
  A plant (D:1)
118 creatures vanquished.

Grand Total: 164 creatures vanquished

Notes
Turn   | Place    | Note
-------+----------+-------------------------------------------
     0 | D:1      | Turgor the Djinni Fire Elementalist began the quest for the
                  | Orb.
     0 | D:1      | Reached XP level 1. HP: 15/15 MP: 0/0
   496 | D:1      | Reached XP level 2. HP: 21/22 MP: 0/0
   588 | D:1      | Reached skill level 1 in Fighting
   795 | D:1      | Reached XP level 3. HP: 23/27 MP: 0/0
   795 | D:1      | Learned a level 1 spell: Pain
   904 | D:1      | Reached skill level 1 in Armour
  1383 | D:2      | You are sucked into a shaft and drop 2 floors!
  1395 | D:4      | Reached XP level 4. HP: 10/33 MP: 0/0
  1629 | D:4      | Noticed a phantom
  1683 | D:4      | Killed a phantom
  1684 | D:4      | Reached XP level 5. HP: 24/39 MP: 0/0
  1684 | D:4      | Learned a level 2 spell: Wereblood
  1802 | D:4      | Noticed a centaur
  1913 | D:4      | Reached XP level 6. HP: 41/45 MP: 0/0
  2344 | D:4      | You are sucked into a shaft and drop 2 floors!
  2363 | D:6      | Reached XP level 7. HP: 43/50 MP: 0/0
  2363 | D:6      | Learned a level 3 spell: Stone Arrow
  2438 | D:6      | Slain by an orc

Illustrated notes

Levels and vault maps discovered:
D:1:      saegor_arrival_simple_a, layout_rooms, serial_bayou_lagoon_b
D:2:      minmay_kobold_bridge, layout_basic,
          shapermc_ecumenical_altar_starsandcircs, minmay_misc_feat_pillars,
          uniq_natasha, uniq_sigmund
D:4:      layout_loops_corners, minivault_24
D:6:      layout_basic, minmay_temple_entry_proselytizer

Skill      XL: |  1  2  3  4  5  6 |
---------------+-------------------+-----
Fighting       | 1 2 3 |  3.6
Armour         | 1 2 |  2.5
Dodging        | 3 |  3.7
Spellcasting   | 3 |  3.8
Stealth        | |  1.5

Action                   |  1- 3 |  4- 6 |  7- 9 || total
-------------------------+-------+-------+-------++-------
Melee: Staff             |    18 |     8 |       ||    26
 Cast: Foxfire           |    41 |    22 |     3 ||    66
       Scorch            |     1 |    14 |     6 ||    21
  Use: Potion            |       |       |     2 ||     2
       Scroll            |       |       |     1 ||     1
Armor: Robe              |     4 |     3 |     1 ||     8
Dodge: Dodged            |    11 |    22 |     6 ||    39

Table legend: (Time is in decaauts)
 A = Elapsed time spent in this place.
 B = Non-inter-level travel time spent in this place.
 C = Inter-level travel time spent in this place.
 D = Time resting spent in this place.
 E = Time spent auto-exploring this place.
 F = Levels seen in this place.
 G = Mean time per level.
                   A        B        C        D        E       F      G
               +--------+--------+--------+--------+--------+-----+--------+
         Total |   2442 |   2410 |     32 |    654 |   1114 |   4 |  610.5 |
       Dungeon |   2442 |   2410 |     32 |    654 |   1114 |   4 |  610.5 |
               +--------+--------+--------+--------+--------+-----+--------+

Top non-repeatable levels by time:
     D:1: 1128 daAuts
     D:4: 963 daAuts
     D:2: 257 daAuts
     D:6: 93 daAuts
